 Dungeon Crawl Stone Soup version 0.28.0-45-g0d030f2227 (webtiles) character file.

Game seed: 1202229022612808572

3061 dearleader the Reanimator (level 9, -3/72 HPs)
             Began as a Gnoll Necromancer on Mar 29, 2022.
             Was a Follower of Makhleb.
             Slain by a two-headed ogre
             ... wielding a +0 giant club
              (14 damage)
             ... on level 7 of the Dungeon on Apr 5, 2022.
             The game lasted 00:22:57 (10580 turns).

dearleader the Reanimator (Gnoll Necromancer)      Turns: 10580, Time: 00:22:59

Health: -3/72      AC:  7    Str: 11    XL:     9   Next: 88%
Magic:  1/19       EV: 16    Int: 13    God:    Makhleb [*.....]
Gold:   257        SH:  5    Dex: 13    Spells: 16/21 levels left

rFire   + . .      SeeInvis .   x - +1 hand axe (vorpal)
rCold   . . .      Faith    .   p - +0 buckler
rNeg    . . .      Spirit   .   c - +0 ring mail
rPois   .          Reflect  .   (no helmet)
rElec   .          Harm     .   b - +0 cloak
rCorr   .          Rampage  .   (no gloves)
Will    .....                   (no boots)
Stlth   +++.......              (no amulet)
HPRegen 0.22/turn               g - ring of protection from fire
MPRegen 0.16/turn               q - +4 ring of evasion

@: unable to read
A: fangs 1, strong nose, distributed training, dopey 1, robust 1, inability to
read while threatened
a: Renounce Religion


You were on level 7 of the Dungeon.
You worshipped Makhleb.
Makhleb was aware of your devotion.
You visited 1 branch of the dungeon, and saw 7 of its levels.
You also visited: Bailey.

You collected 257 gold pieces.

Inventory:

Hand Weapons
 k - a +0 dagger of venom
 l - a +0 executioner's axe
 m - a +2 dagger of draining
 u - a +0 war axe
 w - a +0 hand axe of draining
 x - a +1 vorpal hand axe (weapon)
Missiles
 a - 11 poisoned darts
 d - 2 silver javelins (quivered)
 h - 27 sling bullets
Armour
 b - a +0 cloak (worn)
 c - a +0 ring mail (worn)
 p - a +0 buckler (worn)
Jewellery
 e - a ring of see invisible
 g - a ring of protection from fire (left hand)
 q - a +4 ring of evasion (right hand)
Wands
 j - a wand of digging (4)
 r - a wand of acid (22)
 t - a wand of iceblast (7)
Scrolls
 i - 3 scrolls of vulnerability
 n - 3 scrolls of identify
 o - 2 scrolls of amnesia
 v - a scroll of enchant weapon


   Skills:
 + Level 4.6 Fighting
 + Level 4.6 Short Blades
 + Level 4.6 Long Blades
 + Level 4.6 Axes
 + Level 4.6 Maces & Flails
 + Level 4.6 Polearms
 + Level 4.6 Staves
 + Level 4.6 Slings
 + Level 4.6 Bows
 + Level 4.6 Crossbows
 + Level 4.6 Throwing
 + Level 4.6 Armour
 + Level 6.6 Dodging
 + Level 6.3 Stealth
 + Level 4.6 Shields
 + Level 4.6 Unarmed Combat
 + Level 6.9 Spellcasting
 + Level 3.8 Conjurations
 + Level 3.8 Hexes
 + Level 3.8 Summonings
 + Level 8.2 Necromancy
 + Level 3.8 Translocations
 + Level 3.8 Transmutations
 + Level 3.8 Fire Magic
 + Level 3.8 Ice Magic
 + Level 3.8 Air Magic
 + Level 3.8 Earth Magic
 + Level 3.8 Poison Magic
 + Level 5.1 Invocations
 + Level 4.6 Evocations


You had 16 spell levels left.
You knew the following spells:

 Your Spells              Type           Power      Damage    Failure   Level
a - Pain                  Necr           100%       1d9       1%          1
b - Animate Skeleton      Necr           50%        N/A       1%          1
c - Vampiric Draining     Necr           25%        2d7       4%          3

Your spell library contained the following spells:

 Spells                   Type           Power      Damage    Failure   Level
 Animate Dead             Necr           12%        N/A       16%         4
 Agony                    Necr           25%        N/A       38%         5
 Iskenderun's Battlesphe  Conj           14%        2d7       94%         5
 Iron Shot                Conj/Erth      7%         9d2       100%        6
 Spellforged Servitor     Conj/Summ      7%         N/A       100%        7


Dungeon Overview and Level Annotations

Branches:
Dungeon (7/15)             Temple (0/1) D:6          Bailey (visited)

Altars:
Ashenzari
Dithmenos
Elyvilon
Gozag
Hepliaklqana
Kikubaaqudgha
Makhleb
Nemelex Xobeh
Okawaru
Qazlal
Sif Muna
Trog
Wu Jian

Shops:
D:7 *


Innate Abilities, Weirdness & Mutations

You have very sharp teeth.
Your uncanny sense of smell can sniff out nearby items.
Your experience applies equally to all skills.
You are dopey. (Int -2)
You are robust. (+10% HP)
You sometimes lose the ability to read scrolls when taking damage.


Message History

Your orc skeleton hits the scorpion with a +0 hand axe.
Your orc skeleton barely misses the orc priest.
Casting: Vampiric Draining (dangerous; 4% risk of failure)
Confirm with . or Enter, or press ? or * to list all spells.
Aiming: Vampiric Draining (dangerous; 4% risk of failure)
Press: ? - help, Shift-Dir - straight line, f/p - two-headed ogre
Aim: a two-headed ogre, wielding two +0 giant clubs (severely wounded)
You draw life force from the two-headed ogre.
You feel life coursing into your body.
You feel sick.
Your orc skeleton barely misses the scorpion.
Your orc skeleton barely misses the orc priest.
The two-headed ogre completely misses you.
The two-headed ogre hits you with a +0 giant club!
Casting: Vampiric Draining (dangerous; 4% risk of failure)
Confirm with . or Enter, or press ? or * to list all spells.
You don't have enough magic to cast this spell.
Unknown command.
You closely miss the two-headed ogre.
The two-headed ogre is severely wounded.
You feel sick.
Unknown command.
Casting: Vampiric Draining (dangerous; 4% risk of failure)
Confirm with . or Enter, or press ? or * to list all spells.
Aiming: Pain (safe; 1% risk of failure)
Press: ? - help, Shift-Dir - straight line, f/p - two-headed ogre
Aim: a two-headed ogre, wielding two +0 giant clubs (severely wounded, chance to affect: 70%)
The two-headed ogre writhes in agony.
You feel sick. The two-headed ogre barely misses you.
The two-headed ogre hits you with a +0 giant club!
* * * LOW HITPOINT WARNING * * *
Your orc skeleton barely misses the scorpion.
Your orc skeleton hits the orc priest with a +0 hand axe.
You hit the two-headed ogre.
The two-headed ogre is almost dead.
You feel sick.
You are no longer poisoned.
Your orc skeleton completely misses the scorpion.
Your orc skeleton hits the orc priest with a +0 hand axe.
The two-headed ogre hits you with a +0 giant club!
You die...

#.'...####........
#####...####........ ##
#...'...'..'........ .#
#)###...####........ .# #.#<.#+##
#........ .# #.##.# #####........
.# #.##.# #.....####### ## .#
#.##.# #.##### ##. ##### #.##.#
#@# #.. ....#
#.##.#.#O##############.. #.#
#.#.....so............... ###.#
#.#..#.##Z...Z........... ....#
##.####.##................
.#..####.........................
.#.......#####...................
.#.#####.# ###................
.#.# #........+................


You could see a two-headed ogre, a scorpion (ally target), an orc priest and a
friendly orc skeleton.

Vanquished Creatures
  Grinder (D:5)
  3 humans (Bailey)
  A water moccasin (D:4)
  2 orc warriors (D:6)
  2 black bears
  A sky beast (D:7)
  2 necrophages
  A phantom (D:5)
  A kobold brigand (D:5)
  7 bullfrogs
  3 scorpions (D:4)
  4 killer bees
  A jelly (D:4)
  A bullfrog zombie (D:5)
  2 centaur zombies
  A centaur skeleton (D:7)
  3 hounds
  A bullfrog skeleton (D:7)
  Ijyb (D:5)
  Jessica (D:2)
  An orc wizard (D:5)
  3 gnolls
  9 adders
  An ufetubus (D:7)
  3 worms
  2 dart slugs
  7 orcs
  7 ball pythons
  3 bats (D:1)
  10 endoplasms
  5 giant cockroaches
  15 goblins
  11 hobgoblins
  11 jackals
  A quokka (D:3)
  7 frilled lizards
  8 kobolds
  11 rats
154 creatures vanquished.

Vanquished Creatures (collateral kills)
  An ogre (D:6)
  A bullfrog (Bailey)
  A gnoll (D:6)
  A goblin (Bailey)
  A jackal (D:2)
5 creatures vanquished.

Vanquished Creatures (others)
  3 fungi (D:1)
3 creatures vanquished.

Grand Total: 162 creatures vanquished

Notes
Turn   | Place    | Note
-------+----------+-------------------------------------------
     0 | D:1      | dearleader the Gnoll Necromancer began the quest for the
                  | Orb.
     0 | D:1      | Reached XP level 1. HP: 13/13 MP: 6/6
     2 | D:1      | Learned a level 1 spell: Animate Skeleton
   310 | D:1      | Reached XP level 2. HP: 15/19 MP: 3/7
  1239 | D:1      | Reached XP level 3. HP: 24/25 MP: 7/9
  1406 | D:1      | Found a faded altar of an unknown god.
  1452 | D:2      | Reached skill level 5 in Spellcasting
  1600 | D:2      | Learned a level 3 spell: Vampiric Draining
  1941 | D:2      | Reached skill level 1 in Invocations
  2147 | D:2      | Reached skill level 1 in Fighting
  2147 | D:2      | Reached skill level 1 in Short Blades
  2147 | D:2      | Reached skill level 1 in Long Blades
  2147 | D:2      | Reached skill level 1 in Axes
  2147 | D:2      | Reached skill level 1 in Maces & Flails
  2147 | D:2      | Reached skill level 1 in Polearms
  2147 | D:2      | Reached skill level 1 in Staves
  2147 | D:2      | Reached skill level 1 in Slings
  2147 | D:2      | Reached skill level 1 in Bows
  2147 | D:2      | Reached skill level 1 in Crossbows
  2147 | D:2      | Reached skill level 1 in Throwing
  2147 | D:2      | Reached skill level 1 in Armour
  2147 | D:2      | Reached skill level 1 in Shields
  2147 | D:2      | Reached skill level 1 in Unarmed Combat
  2147 | D:2      | Reached skill level 1 in Evocations
  2151 | D:2      | Reached XP level 4. HP: 24/32 MP: 2/11
  2478 | D:2      | Noticed Jessica
  2483 | D:2      | Killed Jessica
  2484 | D:2      | Reached skill level 1 in Conjurations
  2484 | D:2      | Reached skill level 1 in Hexes
  2484 | D:2      | Reached skill level 1 in Summonings
  2484 | D:2      | Reached skill level 1 in Translocations
  2484 | D:2      | Reached skill level 1 in Transmutations
  2484 | D:2      | Reached skill level 1 in Fire Magic
  2484 | D:2      | Reached skill level 1 in Ice Magic
  2484 | D:2      | Reached skill level 1 in Air Magic
  2484 | D:2      | Reached skill level 1 in Earth Magic
  2484 | D:2      | Reached skill level 1 in Poison Magic
  2988 | D:2      | Reached XP level 5. HP: 36/36 MP: 10/12
  4074 | D:4      | Reached XP level 6. HP: 39/44 MP: 9/13
  4095 | D:3      | Reached skill level 5 in Dodging
  4715 | D:4      | Found an ancient bone altar of Kikubaaqudgha.
  4823 | D:4      | Reached XP level 7. HP: 32/50 MP: 15/15
  5574 | D:4      | Reached skill level 5 in Stealth
  5650 | D:4      | Found an opulent altar of Gozag.
  5654 | D:4      | Found a shadowy altar of Dithmenos.
  5654 | D:4      | Found an ornate altar of the Wu Jian Council.
  5654 | D:4      | Found a bloodstained altar of Trog.
  5654 | D:4      | Found a broken altar of Ashenzari.
  5656 | D:4      | Found a white marble altar of Elyvilon.
  5657 | D:4      | Found a sparkling altar of Nemelex Xobeh.
  5658 | D:4      | Found a shimmering blue altar of Sif Muna.
  5662 | D:4      | Upgraded the game from 0.28.0-43-g3370ac3207 to
                  | 0.28.0-45-g0d030f2227
  6067 | D:5      | Entered Level 5 of the Dungeon
  6067 | D:5      | Noticed Grinder
  6218 | D:5      | Paralysed by Grinder for 2 turns
  6223 | D:5      | Killed Grinder
  6224 | D:5      | Reached XP level 8. HP: 33/58 MP: 16/16
  6383 | D:5      | Found an iron altar of Okawaru.
  6559 | D:5      | Found a burning altar of Makhleb.
  6667 | D:5      | Noticed Ijyb
  6693 | D:5      | Killed Ijyb
  7170 | D:5      | Became a worshipper of Makhleb the Destroyer
  7297 | D:5      | Found a faded altar of an unknown god.
  7297 | D:5      | Found a hazy altar of Hepliaklqana.
  7300 | D:5      | Found a faded altar of an unknown god.
  7366 | D:6      | Found a stormy altar of Qazlal.
  7388 | D:5      | HP: 2/58 [kobold brigand/+0 club (3)]
  8386 | D:6      | Found a staircase to the Ecumenical Temple.
  8618 | D:6      | Reached XP level 9. HP: 53/64 MP: 18/18
  9339 | D:7      | Found a flagged portal.
  9361 | Bailey   | Entered a bailey
  9521 | Bailey   | Reached * piety under Makhleb
  9529 | Bailey   | Reached skill level 8 in Necromancy
  9699 | Bailey   | Reached skill level 5 in Invocations
  9750 | Bailey   | Noticed Prince Ribbit
  9750 | Bailey   | Noticed a vault guard
  9780 | Bailey   | Gained mutation: You are robust. (+10% HP) [potion of
                  | mutation]
  9780 | Bailey   | Gained mutation: You sometimes lose the ability to read
                  | scrolls when taking damage. [potion of mutation]
  9780 | Bailey   | Gained mutation: You are dopey. (Int -2) [potion of
                  | mutation]
  9790 | Bailey   | HP: 1/72 [Prince Ribbit (6)]
 10340 | D:7      | Found Zylig's Neck Hole.
 10562 | D:7      | Noticed a two-headed ogre
 10580 | D:7      | Slain by a two-headed ogre

Illustrated notes

Levels and vault maps discovered:
D:1:      noname_arrival_rooms_in_the_neighbourhood, layout_basic,
          shapermc_ecumenical_altar_petra
D:2:      layout_loops_corners, uniq_jessica
D:3:      layout_basic, minmay_statues_item
D:4:      layout_basic, kennysheep_mini, minitemple
D:5:      layout_rooms, nicolae_hepliaklqana_ecumenical_no_more,
          mainiacjoe_overflow_24_doors, mainiacjoe_overflow_alcove_1, uniq_ijyb,
          uniq_grinder
D:6:      layout_loops_ring, overflow_temple_1_default,
          minmay_temple_entry_mini_moons
D:7:      layout_basic, enter_bailey_7, nicolae_shop_sticking_my_neck_out

Skill      XL: |  1  2  3  4  5  6  7  8  9 |
---------------+----------------------------+-----
Spellcasting   | 5 6 |  6.9
Invocations    | 1 2 3 4 5 |  5.1
Fighting       | 1 2 3 4 |  4.6
Short Blades   | 1 2 3 4 |  4.6
Long Blades    | 1 2 3 4 |  4.6
Axes           | 1 2 3 4 |  4.6
Maces & Flails | 1 2 3 4 |  4.6
Polearms       | 1 2 3 4 |  4.6
Staves         | 1 2 3 4 |  4.6
Slings         | 1 2 3 4 |  4.6
Bows           | 1 2 3 4 |  4.6
Crossbows      | 1 2 3 4 |  4.6
Throwing       | 1 2 3 4 |  4.6
Armour         | 1 2 3 4 |  4.6
Shields        | 1 2 3 4 |  4.6
Unarmed Combat | 1 2 3 4 |  4.6
Evocations     | 1 2 3 4 |  4.6
Conjurations   | 1 2 3 |  3.8
Hexes          | 1 2 3 |  3.8
Summonings     | 1 2 3 |  3.8
Translocations | 1 2 3 |  3.8
Transmutations | 1 2 3 |  3.8
Fire Magic     | 1 2 3 |  3.8
Ice Magic      | 1 2 3 |  3.8
Air Magic      | 1 2 3 |  3.8
Earth Magic    | 1 2 3 |  3.8
Poison Magic   | 1 2 3 |  3.8
Dodging        | 5 6 |  6.6
Stealth        | 5 6 |  6.3
Necromancy     | 8 |  8.2

Action                   |  1- 3 |  4- 6 |  7- 9 || total
-------------------------+-------+-------+-------++-------
Melee: Dagger            |   128 |   171 |   419 ||   718
       Bite              |    14 |    16 |    53 ||    83
       Punch             |     1 |     1 |       ||     2
       Hand axe          |       |       |    67 ||    67
 Cast: Pain              |    36 |    16 |    23 ||    75
       Animate Skeleton  |     2 |     3 |    11 ||    16
       Vampiric Draining |       |    13 |    31 ||    44
  Use: Scroll            |       |     3 |     4 ||     7
       Potion            |       |     1 |     9 ||    10
 Stab: Sleeping          |     3 |     5 |     5 ||    13
Armor: Ring mail         |    49 |    62 |   110 ||   221
Dodge: Dodged            |    61 |   106 |   390 ||   557
Block: Buckler           |       |    23 |   149 ||   172
